 Dungeon Crawl Stone Soup version 0.30-a0-1053-gbd8d5ba0ad (webtiles) character file.

Game seed: 3861809540215481595

123 Iich the Trooper (level 4, -3/38 HPs)
             Began as a Demonspawn Fighter on Apr 11, 2023.
             Killed by nerve-wracking pain
             ... invoked by an orc priest
              (10 damage)
             ... on level 4 of the Dungeon.
             The game lasted 00:03:43 (2873 turns).

Iich the Trooper (Demonspawn Fighter)               Turns: 2873, Time: 00:03:44

Health: -3/38      AC:  7    Str: 16    XL:     4   Next: 80%
Magic:  4/4        EV:  8    Int:  9    God:
Gold:   148        SH:  5    Dex: 15    Spells: 3/3 levels left

rFire   . . .      SeeInvis .    a - +0 war axe
rCold   . . .      Faith    .    c - +0 buckler
rNeg    . . .      Spirit   .    b - +0 scale mail
rPois   .          Reflect  .    (no helmet)
rElec   .          Rampage  .    (no cloak)
rCorr   .                        (no gloves)
Will    .....                    (no boots) Stlth
                                 (no amulet)
HPRegen 0.26/turn                (no ring)
MPRegen 0.09/turn                (no ring)

@: about to teleport
A: rugged brown scales 1, demonic guardian 1
a: no special abilities


You were on level 4 of the Dungeon.
You visited 1 branch of the dungeon, and saw 4 of its levels.

You collected 148 gold pieces.

Inventory:

Hand Weapons
 a - a +0 war axe (weapon)
Missiles
 g - 4 silver boomerangs (quivered)
 h - 2 throwing nets
Armour
 b - a +0 scale mail (worn)
 c - a +0 buckler (worn)
Jewellery
 k - a ring of magical power
 p - an amulet of magic regeneration
Wands
 d - a wand of paralysis (3)
Scrolls
 e - 2 scrolls of amnesia
 f - a scroll of poison
 i - a scroll of noise
 n - a scroll of enchant armour
Potions
 j - a potion of degeneration {unknown}
 l - a potion of flight {unknown}
 m - a potion of ambrosia {unknown}
 o - a potion of berserk rage {unknown}
 q - a potion of mutation {unknown}
 r - a potion of attraction {unknown}
 s - a potion of curing {unknown}


   Skills:
 + Level 4.0 Fighting
 * Level 3.9 Axes
 - Level 2.6 Armour
 - Level 2.6 Shields


You had 3 spell levels left.
You didn't know any spells.
Your spell library contained the following spells:

 Spells                   Type           Power      Damage    Failure   Level
 Sandblast                Erth           0%         2d4       89%         1
 Slow                     Hex            0%         N/A       89%         1
 Passwall                 Tmut/Erth      0%         N/A       96%         2
 Confusing Touch          Hex            0%         N/A       99%         3
 Stone Arrow              Conj/Erth      0%         3d7       99%         3
 Vampiric Draining        Necr           0%         2d6       99%         3


Dungeon Overview and Level Annotations

Branches:
Dungeon (4/15)
 Temple: D:4-7

Altars:

Shops:
D:2 (


Innate Abilities, Weirdness & Mutations

You are partially covered in rugged brown scales. (AC +1, +3% HP)
A weak demonic guardian rushes to your aid.


Message History

Found a stone staircase leading down.
You now have 148 gold pieces (gained 11).
An orc priest is nearby!
An orc wizard comes into view. It is wielding a +0 dagger.
You barely miss the orc priest.
The orc priest begins to cast a cantrip, but forgets the words!
You barely miss the orc priest.
The orc priest looks encouraged for a moment.
You hit the orc priest.
The orc priest is moderately wounded.
The orc priest hits you but does no damage.
The orc priest hits you with a +0 whip.
You take 1 damage, and have 37/38 hp.
You closely miss the orc priest.
The orc priest is moderately wounded.
The orc priest mumbles some strange prayers to Beogh against you.
Beogh smites you!
The orc wizard gestures at you while chanting.
The puff of flame hits you.
You take 17 damage, and have 20/38 hp. !!!!--MASSIVE DAMAGE--!!!!
You hit the orc priest.
The orc priest is moderately wounded.
The orc priest invokes the aid of Beogh against you.
Beogh smites you!
* * * LOW HITPOINT WARNING * * *
A demonic guardian appears!
You take 14 damage, and have 6/38 hp. !!!!--MASSIVE DAMAGE--!!!!
As you read the scroll of teleportation, it crumbles to dust.
You feel strangely unstable.
The orc wizard barely misses your ufetubus.
You block the orc priest's attack.
Your ufetubus hits the orc wizard.
Your ufetubus closely misses the orc wizard.
Your ufetubus hits the orc wizard.
Your ufetubus closely misses the orc wizard.
The orc wizard casts a spell at you.
Your ufetubus resists with significant effort.
Your ufetubus hits the orc wizard. x2
The orc priest invokes the aid of Beogh against you.
Pain shoots through your body!
You die...

.......#..# #.<#
#..#.......##....
##........<.....##
................#
#$...........###
#......#........
#.....#.........
#.....#.....###.
#....o.@.......
#...5........##
#....o.........#
......>.....#....#
............##...#
..#.........# #..
. #.........# ..
#.........#


You could see an orc priest, an orc wizard (ally target) and a friendly ufetubus
(summoned).

Vanquished Creatures
  Ijyb (D:3)
  4 adders (D:2)
  An orc (D:3)
  5 endoplasms (D:1)
  2 giant cockroaches (D:1)
  8 goblins
  3 hobgoblins
  4 jackals (D:2)
  3 quokkas
  6 ball pythons
  3 bats
  3 frilled lizards
  3 kobolds
  2 rats
48 creatures vanquished.

Vanquished Creatures (collateral kills)
  A gnoll (D:1)
  A bat (D:1)
2 creatures vanquished.

Grand Total: 50 creatures vanquished

Notes
Turn   | Place    | Note
-------+----------+-------------------------------------------
     0 | D:1      | Iich the Demonspawn Fighter began the quest for the Orb.
     0 | D:1      | Reached XP level 1. HP: 18/18 MP: 1/1
   143 | D:1      | Gained mutation: A weak demonic guardian rushes to your
                  | aid. [demonic ancestry]
   143 | D:1      | Reached XP level 2. HP: 19/24 MP: 2/2
   176 | D:1      | HP: 1/24 [quokka (1)]
   603 | D:1      | Reached XP level 3. HP: 28/29 MP: 3/3
  1036 | D:2      | Found Xilogieph's Weapon Boutique.
  1327 | D:2      | Gained mutation: You are partially covered in rugged brown
                  | scales. (AC +1, +3% HP) [demonic ancestry]
  1327 | D:2      | Reached XP level 4. HP: 30/38 MP: 4/4
  2015 | D:3      | Noticed Ijyb
  2045 | D:3      | Paralysed by Ijyb for 3 turns
  2050 | D:3      | Paralysed by Ijyb for 3 turns
  2060 | D:3      | Killed Ijyb
  2061 | D:3      | Reached skill level 4 in Fighting
  2873 | D:4      | Killed from afar by an orc priest

Illustrated notes

Levels and vault maps discovered:
D:1:      wheals_arrival_linesprint, layout_rooms, st_stairs_10
D:2:      layout_basic, serial_shops, shop, hangedman_decor_diamond_cutter
D:3:      layout_basic, uniq_ijyb
D:4:      layout_rooms, minmay_mini_jars

Skill      XL: |  1  2  3  4 |
---------------+-------------+-----
Axes           | 2 3 |  3.9
Fighting       | 4 |  4.0
Armour         | |  2.6
Shields        | |  2.6

Action                     |  1- 3 |  4- 6 || total
---------------------------+-------+-------++-------
  Melee: War axe           |    85 |    75 ||   160
    Use: Scroll            |     2 |     4 ||     6
         Potion            |       |     1 ||     1
 Armour: Scale mail        |    44 |    38 ||    82
  Dodge: Dodged            |    37 |    32 ||    69
  Block: Buckler           |    17 |    18 ||    35

Table legend: (Time is in decaauts)
 A = Elapsed time spent in this place.
 B = Non-inter-level travel time spent in this place.
 C = Inter-level travel time spent in this place.
 D = Time resting spent in this place.
 E = Time spent auto-exploring this place.
 F = Levels seen in this place.
 G = Mean time per level.
                   A        B        C        D        E       F      G
               +--------+--------+--------+--------+--------+-----+--------+
         Total |   2939 |   2816 |    123 |    180 |   2173 |   4 |  734.8 |
       Dungeon |   2939 |   2816 |    123 |    180 |   2173 |   4 |  734.8 |
               +--------+--------+--------+--------+--------+-----+--------+

Top non-repeatable levels by time:
     D:2: 1032 daAuts
     D:3: 949 daAuts
     D:1: 928 daAuts
     D:4: 28 daAuts
